 Dungeon Crawl Stone Soup version 0.31.0-12-g77e489cdc1 (webtiles) character file.

Game seed: 3959416732092469172

42336 Peloso the Fencer (level 13, -2/178 HPs)
             Began as a Minotaur Fighter on Feb 17, 2024.
             Was the Champion of Okawaru.
             Killed from afar by a hellephant (39 damage)
             ... with a blast of flame
             ... on level 1 of the Abyss.
             The game lasted 00:35:05 (15985 turns).

Peloso the Fencer (Minotaur Fighter)               Turns: 15985, Time: 00:35:06

Health: -2/178     AC: 18    Str: 23    XL:     13   Next: 84%
Magic:  13/13      EV: 12    Int:  5    God:    Okawaru [******]
Gold:   163        SH: 18    Dex: 13    Spells: 12/12 levels left

rFire   + . .        a - +9 sword of Zonguldrok {reap}
rCold   + + .        d - +0 tower shield
rNeg    + . .        k - +1 pearl dragon scales
rPois   .            (helmet restricted)
rElec   .            z - +0 cloak
rCorr   +            (no gloves)
SInv    +            (no boots)
Will    .....        L - amulet of regeneration Stlth
                     i - ring of protection from cold
HPRegen 1.29/turn    T - ring "Ewegh" {rF+ rC+ rCorr SInv}
MPRegen 0.13/turn

%: no passive effects
@: berserking, very quick
A: horns 2, retaliatory headbutt
a: Renounce Religion, Heroism, Finesse, Duel, Receive Weapon, Receive Armour


You were on level 1 of the Abyss.
You worshipped Okawaru.
Okawaru was exalted by your worship.
You visited 4 branches of the dungeon, and saw 18 of its levels.
You visited the Abyss 1 time.

You collected 1699 gold pieces.
You spent 1536 gold pieces at shops.

Inventory:

Hand Weapons
 a - the +9 sword of Zonguldrok (weapon) {reap}
   (You bought it in a shop on level 2 of the Orcish Mines)
 b - a +0 hand axe of flaming
Armour
 c - a +0 scale mail
 d - a +0 tower shield (worn)
 k - +1 pearl dragon scales (worn)
 z - a +0 cloak (worn)
Jewellery
 f - a +5 ring of evasion
 i - a ring of protection from cold (left hand)
 o - a +6 ring of strength
 p - a ring of ice
 u - the ring "Poquopp" {^Contam +Blink rF+ rN+++ Dex+5}
   (You found it on level 8 of the Dungeon)

   [ring of protection from fire]

   Dex+5:     It affects your dexterity (+5).
   rF+:       It protects you from fire.
   rN+++:     It renders you almost immune to negative energy.
   +Blink:    It lets you blink.
   ^Contam:   It causes magical contamination when unequipped.
 B - a ring of willpower
 E - an amulet of the acrobat
 K - a ring of wizardry
 L - an amulet of regeneration (around neck)
 M - a ring of positive energy
 N - a ring of wizardry
 T - the ring "Ewegh" (right hand) {rF+ rC+ rCorr SInv}
   (You bought it in a shop on level 2 of the Orcish Mines)

   [ring of see invisible]

   rF+:       It protects you from fire.
   rC+:       It protects you from cold.
   SInv:      It lets you see invisible.
   rCorr:     It protects you from acid and corrosion.
Wands
 g - a wand of flame (41)
 m - a wand of acid (14)
 r - a wand of charming (18)
 F - a wand of mindburst (2)
 I - a wand of roots (10)
Scrolls
 j - 4 scrolls of immolation
 n - 4 scrolls of fog
 q - 2 scrolls of poison
 v - 6 scrolls of blinking
 y - 13 scrolls of teleportation
 A - 4 scrolls of enchant armour
 G - 2 scrolls of vulnerability
 H - a scroll of acquirement
 O - a scroll of brand weapon
 Q - a scroll of revelation
 R - a scroll of enchant weapon {unknown}
Potions
 e - 9 potions of curing
 h - 4 potions of brilliance
 l - 2 potions of mutation
 s - 5 potions of enlightenment
 t - 3 potions of resistance
 w - a potion of might
 x - 8 potions of ambrosia
 C - a potion of invisibility
 D - 3 potions of berserk rage
 J - 4 potions of magic {unknown}
 S - a potion of cancellation {unknown}


   Skills:
 + Level 12.3 Fighting
 + Level 16.0 Long Blades
 + Level 0.2 Axes
 + Level 12.4 Armour
 + Level 9.7 Dodging
 + Level 2.6 Stealth
 + Level 14.0 Shields
 + Level 1.4 Invocations
 + Level 0.4 Evocations


You had 12 spell levels left.
You didn't know any spells.
Your spell library contained the following spells:

 Spells                   Type           Power      Damage    Failure   Level
 Mercury Vapours          Alch/Air       0%         N/A       99%         2
 Dazzling Flash           Conj/Hex       0%         N/A       100%        3
 Hailstorm                Conj/Ice       0%         3d5       100%        3
 Mephitic Cloud           Conj/Alch/Air  0%         N/A       100%        3
 Sigil of Binding         Hex            0%         N/A       100%        3
 Dimensional Bullseye     Hex/Tloc       0%         N/A       100%        4
 Ignite Poison            Fire/Alch      0%         N/A       100%        4
 Sticky Flame             Fire/Alch      0%         2d4       100%        4
 Vhi's Electric Charge    Tloc/Air       0%         N/A       100%        4
 Arcjolt                  Conj/Air       0%         1d10      100%        5
 Borgnjor's Vile Clutch   Necr/Erth      0%         N/A       100%        5
 Curse of Agony           Necr           0%         N/A       100%        5
 Freezing Cloud           Conj/Ice/Air   0%         6-21      100%        5
 Silence                  Hex/Air        0%         N/A       100%        5
 Orb of Destruction       Conj           0%         9d5       100%        7
 Ignition                 Fire           0%         3d3       100%        8
 Maxwell's Capacitive Co  Air            0%         ∞         100%        8
 Call Canine Familiar     Summ           Unusable   N/A       N/A         3
 Summon Ice Beast         Ice/Summ       Unusable   N/A       N/A         3
 Animate Dead             Necr           Unusable   N/A       N/A         4
 Summon Blazeheart Golem  Fire/Summ      Unusable   N/A       N/A         4
 Death Channel            Necr           Unusable   N/A       N/A         6
 Sculpt Simulacrum        Ice/Alch       Unusable   N/A       N/A         6
 Spellforged Servitor     Conj/Summ      Unusable   N/A       N/A         7

Dungeon Overview and Level Annotations

Branches:
Dungeon (12/15)            Temple (1/1) D:6            Lair (3/5) D:8
 Shoals (0/4) Lair:2        Snake (0/4) Lair:3          Orc (2/2) D:12
    Elf (0/3) Orc:2

Altars:
Ashenzari
Cheibriados
Dithmenos
Elyvilon
Fedhas
Gozag
Hepliaklqana
Kikubaaqudgha
Makhleb
Nemelex Xobeh
Okawaru
Qazlal
Ru
Sif Muna
Trog
Uskayaw
Vehumet
Wu Jian
Xom
Yredelemnul
Zin
The Shining One

Shops:
D:4 (   Orc:2 **((**!*(

Annotations:
Temple 2 transporters


Innate Abilities, Weirdness & Mutations

You have a pair of horns on your head.
You reflexively headbutt those who attack you in melee.


Message History

You closely miss the hellephant.
You headbutt the hellephant, but do no damage.
The hellephant is moderately wounded.
The hellephant tramples you!!
* * * LOW HITPOINT WARNING * * *
You hold your ground!
The hellephant bites you!
* * * LOW HITPOINT WARNING * * *
You block the hellephant's attack.
You feel much better. The hellephant barely misses you.
The hellephant completely misses you. The hellephant misses you.
A red film seems to cover your vision as you go berserk!
You feel yourself moving faster!
You feel mighty! The hellephant tramples you!!
* * * LOW HITPOINT WARNING * * *
You hold your ground!
The hellephant bites you!
* * * LOW HITPOINT WARNING * * *
You block the hellephant's attack.
Unknown command.
You slash the hellephant! You headbutt the hellephant!
The hellephant is moderately wounded.
You block the hellephant's attack.
The hellephant bites you but does no damage.
The hellephant gores you but does no damage.
You slice the hellephant!!
The hellephant is heavily wounded.
You closely miss the hellephant.
You headbutt the hellephant, but do no damage.
The hellephant is heavily wounded.
You block the hellephant's attack. x3
You slash the hellephant!
The hellephant is severely wounded.
You slice the hellephant!! You headbutt the hellephant!
The hellephant is severely wounded.
You block the hellephant's attack. x3
You slash the hellephant!
The hellephant is almost dead.
You slash the hellephant! Your headbutt misses the hellephant.
The hellephant is almost dead.
The hellephant breathes flames at you. The blast of flame hits you!!!
You resist.
You die...

# ##..
...# #..
#####.# .
###.#@.#
#..
###..._Y##
# ..#
.###..#.#
...
....#..#.#
#.# #
#..#.##.
#.#.##.#.#
.. #. . .#
.##.##.#.
... ##
#####. .#.
# .. ..
... # . .


You could see a hellephant (catching breath).

Vanquished Creatures
  2 hydras (Lair:3)
  2 ogre magi (Orc:2)
  A centaur warrior (D:10)
  A boulder beetle (D:12)
  13 two-headed ogres
  A skyshark (Lair:2)
  2 deep trolls
  A lindwurm (Lair:3)
  A deep elf pyromancer (D:8)
  An orc knight (Orc:1)
  An ugly thing (D:12)
  5 cyclopes
  A manticore (D:11)
  A merfolk siren (Lair:2)
  A kobold blastminer (Orc:1)
  A black mamba (Lair:1)
  A gargoyle (D:12)
  12 cane toads
  2 rime drakes (Lair:3)
  A kobold demonologist (D:12)
  6 komodo dragons
  A queen bee (D:10)
  13 trolls
  A polar bear (Lair:3)
  13 blink frogs
  A hornet (D:8)
  3 slime creatures (D:12)
  2 shadows (D:11)
  2 wraiths
  15 yaks
  3 wyverns
  A warg (Orc:1)
  A steam dragon (D:8)
  3 basilisks
  Duvessa (D:6)
  10 water moccasins
  9 orc warriors
  3 sky beasts
  An ice beast (D:6)
  20 ogres
  2 black bears
  7 wolves
  2 phantoms
  4 centaurs
  9 kobold brigands
  4 bullfrogs
  2 gnoll sergeants
  3 scorpions
  5 wights (D:7)
  Dowan (D:6)
  23 killer bees (D:10)
  3 howler monkeys (D:8)
  3 hounds
  A gnoll bouda (D:9)
  10 orc priests
  2 sleepcaps
  An iguana (D:7)
  6 orc wizards
  A statue (D:3)
  14 gnolls
  7 adders
  2 white imps (D:7)
  4 ufetubi
  5 ribbon worms
  A dart slug (D:2)
  49 orcs
  4 endoplasms
  3 giant cockroaches
  3 goblins
  13 hobgoblins
  5 jackals
  A quokka (D:1)
  9 ball pythons
  6 bats
  4 frilled lizards
  17 kobolds
  4 rats
400 creatures vanquished.

Vanquished Creatures (others)
  An orc priest (Orc:1)
  An orc wizard (D:7)
2 creatures vanquished.

Grand Total: 402 creatures vanquished

Notes
Turn   | Place    | Note
-------+----------+-------------------------------------------
     0 | D:1      | Peloso the Minotaur Fighter began the quest for the Orb.
     0 | D:1      | Reached XP level 1. HP: 19/19 MP: 0/0
    92 | D:1      | Reached XP level 2. HP: 27/27 MP: 1/1
   863 | D:2      | Found a faded altar of an unknown god.
   995 | D:2      | Reached skill level 3 in Long Blades
  1003 | D:2      | Reached XP level 3. HP: 26/33 MP: 2/2
  1422 | D:3      | Identified the +1 robe of Zuamu {rC+ Archmagi}
  1484 | D:3      | Found a radiant altar of Vehumet.
  1484 | D:3      | Noticed a frost-covered statue
  1501 | D:3      | You fall into a shaft and drop 1 floor!
  1707 | D:4      | Reached XP level 4. HP: 32/40 MP: 3/3
  1831 | D:4      | Found Tuod's Weapon Emporium.
  1991 | D:3      | Reached skill level 1 in Dodging
  1991 | D:3      | Noticed a water moccasin
  2004 | D:3      | Killed a water moccasin
  2005 | D:3      | Reached skill level 4 in Long Blades
  2005 | D:3      | Reached XP level 5. HP: 33/46 MP: 4/4
  2016 | D:3      | Reached skill level 5 in Armour
  2324 | D:3      | Identified the +1 scale mail "Oqafi" {Harm Int+3}
  2561 | D:5      | Entered Level 5 of the Dungeon
  2606 | D:5      | Noticed a water moccasin
  2615 | D:5      | Killed a water moccasin
  2616 | D:5      | Reached skill level 5 in Long Blades
  2616 | D:5      | Reached XP level 6. HP: 52/52 MP: 5/5
  2968 | D:5      | Found a shadowy altar of Dithmenos.
  3395 | D:6      | Reached XP level 7. HP: 60/60 MP: 6/6
  3404 | D:6      | Reached skill level 6 in Long Blades
  3447 | D:6      | Noticed Duvessa
  3447 | D:6      | Noticed Dowan
  3474 | D:6      | Killed Duvessa
  3475 | D:6      | Reached skill level 5 in Shields
  3481 | D:6      | Killed Dowan
  3609 | D:6      | Found a staircase to the Ecumenical Temple.
  3613 | D:6      | Reached skill level 5 in Fighting
  3639 | Temple   | Found a transporter.
  3639 | Temple   | Found a transporter.
  3639 | Temple   | Found a transporter.
  3639 | Temple   | Found a transporter.
  3639 | Temple   | Entered the Ecumenical Temple
  3656 | Temple   | Became a worshipper of Warmaster Okawaru
  3703 | D:6      | Reached skill level 7 in Long Blades
  3742 | D:6      | Reached XP level 8. HP: 68/68 MP: 7/7
  3753 | D:6      | Found a burning altar of Makhleb.
  4050 | D:6      | Found a stormy altar of Qazlal.
  4256 | D:7      | Reached * piety under Okawaru
  4257 | D:7      | Reached skill level 8 in Long Blades
  4583 | D:7      | Reached skill level 1 in Stealth
  4586 | D:7      | Reached skill level 9 in Long Blades
  4660 | D:7      | Reached ** piety under Okawaru
  4812 | D:7      | Reached XP level 9. HP: 75/75 MP: 8/8
  5331 | D:8      | Found a staircase to the Lair.
  5345 | D:8      | Reached skill level 5 in Dodging
  5442 | D:8      | Noticed a two-headed ogre
  5453 | D:8      | Killed a two-headed ogre
  5453 | D:8      | Reached *** piety under Okawaru
  5454 | D:8      | Reached skill level 10 in Long Blades
  5578 | D:8      | Identified the ring "Poquopp" {^Contam +Blink rF+ rN+++
                  | Dex+5}
  5647 | D:8      | Noticed a deep elf pyromancer
  5655 | D:8      | Killed a deep elf pyromancer
  5656 | D:8      | Reached skill level 11 in Long Blades
  5839 | D:8      | Reached **** piety under Okawaru
  5851 | D:8      | Reached XP level 10. HP: 85/86 MP: 9/9
  6107 | D:8      | Paralysed by a hornet for 3 turns
  6448 | D:9      | Found a glowing golden altar of the Shining One.
  6800 | D:9      | Identified the staff of Gloom {rElec rPois rC+ Alchemy}
  7026 | D:10     | Entered Level 10 of the Dungeon
  7077 | D:10     | Noticed a centaur warrior
  7098 | D:10     | Killed a centaur warrior
  7099 | D:10     | Reached skill level 12 in Long Blades
  7103 | D:10     | Reached ***** piety under Okawaru
  7127 | D:10     | Noticed a two-headed ogre
  7279 | D:10     | Killed a two-headed ogre
  7491 | D:10     | Found a hide-covered altar of Uskayaw.
  7572 | D:10     | Received a gift from Okawaru
  7751 | D:10     | Reached skill level 13 in Long Blades
  7773 | D:10     | Reached XP level 11. HP: 44/94 MP: 10/10
  7941 | D:10     | Found a shimmering blue altar of Sif Muna.
  8061 | D:10     | Found a white marble altar of Elyvilon.
  8074 | D:10     | Noticed a two-headed ogre
  8091 | D:10     | Killed a two-headed ogre
  8204 | D:10     | Found a blossoming altar of Fedhas.
  8637 | D:11     | Reached skill level 10 in Armour
  8679 | D:11     | Identified the blade talisman of a sewer {rF+ Dex+5 Slay-4
                  | Stlth+}
  8730 | D:11     | Found a broken altar of Ashenzari.
  8770 | D:11     | Noticed a two-headed ogre
  8780 | D:11     | Killed a two-headed ogre
  9452 | D:11     | Received a gift from Okawaru
  9590 | Lair:1   | Entered Level 1 of the Lair of Beasts
  9856 | Lair:1   | Reached skill level 14 in Long Blades
 10591 | Lair:1   | Reached skill level 1 in Invocations
 10995 | Lair:2   | Reached ****** piety under Okawaru
 11049 | Lair:1   | Reached skill level 10 in Fighting
 11183 | Lair:1   | Received a gift from Okawaru
 11184 | Lair:1   | Reached XP level 12. HP: 101/106 MP: 9/11
 11576 | Lair:2   | Found a staircase to the Shoals.
 12179 | Lair:2   | Reached skill level 10 in Shields
 12241 | Lair:2   | Received a gift from Okawaru
 12303 | Lair:3   | Found a staircase to the Snake Pit.
 12465 | Lair:3   | Noticed a five-headed hydra
 12477 | Lair:3   | Killed a one-headed hydra
 12478 | Lair:3   | Reached skill level 15 in Long Blades
 12720 | Lair:3   | Noticed a six-headed hydra
 12735 | Lair:3   | Killed a one-headed hydra
 13609 | D:12     | Noticed a boulder beetle
 13624 | D:12     | Noticed a two-headed ogre
 13662 | D:12     | Killed a two-headed ogre
 13662 | D:12     | Received a gift from Okawaru
 13717 | D:12     | Killed a boulder beetle
 13718 | D:12     | Reached XP level 13. HP: 115/116 MP: 13/13
 13740 | D:12     | Identified the +1 robe of Mutualism {Dex+2}
 14073 | D:12     | Found a staircase to the Orcish Mines.
 14298 | Orc:1    | Entered Level 1 of the Orcish Mines
 14639 | Orc:2    | Entered Level 2 of the Orcish Mines
 14639 | Orc:2    | Found Fatsexau's General Store.
 14639 | Orc:2    | Found Heur's Assorted Antiques.
 14698 | Orc:2    | Bought a scroll labelled QAMITH URULYL for 33 gold pieces
 14698 | Orc:2    | Bought a smoky dark potion for 29 gold pieces
 14800 | Orc:2    | Found Siahoi's Assorted Antiques.
 14804 | Orc:2    | Found Ziak's Weapon Shop.
 14969 | Orc:1    | Received a gift from Okawaru
 15011 | Orc:2    | Bought a coiled wooden ring for 160 gold pieces
 15011 | Orc:2    | Identified the ring "Ewegh" {rF+ rC+ rCorr SInv} (You
                  | bought it in a shop on level 2 of the Orcish Mines)
 15016 | Orc:2    | Found a staircase to the Elven Halls.
 15036 | Orc:2    | Bought the +9 sword of Zonguldrok {reap} for 1200 gold
                  | pieces
 15036 | Orc:2    | Found the +9 sword of Zonguldrok {reap}
 15069 | Orc:2    | Found Daatuf's Distillery.
 15077 | Orc:2    | Bought a potion of berserk rage for 55 gold pieces
 15154 | Orc:2    | Found Wolusan's Weapon Shop.
 15202 | Orc:2    | Paralysed by an ogre mage for 2 turns
 15513 | Orc:2    | Received a gift from Okawaru
 15698 | Orc:2    | Found Eque's Assorted Antiques.
 15711 | Orc:2    | Reached skill level 16 in Long Blades
 15732 | Orc:2    | Found Zolifimu's Antique Weapon Emporium.
 15768 | Orc:2    | Found Poblawih's Assorted Antiques.
 15776 | Orc:2    | Bought a murky yellow potion for 27 gold pieces
 15786 | Orc:2    | Bought a murky yellow potion for 32 gold pieces
 15936 | Abyss:1  | Cast into level 1 of the Abyss (orc warrior)
 15943 | Abyss:1  | Identified a scroll of acquirement
 15947 | Abyss:1  | Found a corrupted altar of Lugonu.
 15965 | Abyss:1  | Noticed a hellephant
 15985 | Abyss:1  | Killed from afar by a hellephant

Illustrated notes

Levels and vault maps discovered:
D:1:      mrwooster_arrival_statue_2, layout_basic, serial_corexii_hall,
          corexii_hall_statues_i, corexii_hall_statues_t,
          chequers_hall_statues_corner_a, kennysheep_flooded_box
D:2:      layout_rooms, basic_ecumenical_altar
D:3:      layout_basic, vehumet_statue, chequers_serial_rivers_small_a,
          minmay_fractal_squares_diagonal_5
D:4:      layout_rooms, serial_shops, nicolae_shop_rolling_square
D:5:      layout_loops_ring, mainiacjoe_overflow_boulevard
D:6:      layout_rooms, kennysheep_mini_moat, kennysheep_mini, temple_fountains,
          minmay_unpleasant_kobolds, uniq_duvessa
D:7:      layout_basic, minmay_circle_x
D:8:      layout_gridville, david_lair_generic
D:9:      layout_cave_pools, mainiacjoe_overflow_24_doors,
          kennysheep_generic_room_11
D:10:     layout_basic, mainiacjoe_overflow_alcove_2,
          nicolae_sif_muna_condensation, general_overflow_altar,
          lemuel_crystal_altar, special_room [special_room_bee],
          minmay_misc_feat_tiny
D:11:     layout_loops_ring, blue_anna_alchemist, cheibrodos_ashenzari_chains
D:12:     layout_basic, kennysheep_orc_monster_closet_entryway
Temple:   hellmonk_temple_divided_pantheon
Lair:1:   layout_roguey, lemuel_fruit_fields, grunt_megastairs_1
Lair:2:   layout_gridlike, minmay_shoals_entry_lonely_mermaid, serial_rivers,
          chequers_serial_rivers_room_b, chequers_serial_rivers_large_a,
          chequers_serial_rivers_large_b, chequers_serial_rivers_small_b,
          chequers_serial_rivers_micro_c, minivault_27
Lair:3:   layout_regular_city, dummy_snake_entry, serial_forest,
          infiniplex_forest_clump_tiny, infiniplex_forest_clump_double,
          infiniplex_forest_straight_2, infiniplex_forest_lined_3
Orc:1:    layout_caves, regret_index_minedec_devilstone,
          blackcustard_mines_bat_river
Orc:2:    st_orc_open, layout_diamond_mine, serial_shops,
          nicolae_shop_mannequins, nicolae_shop_temple_entry_statues_fountains,
          nicolae_diamond_shop, shop, shop
Abyss:1:  base:
D:15

Skill      XL: |  1  2  3  4  5  6  7  8  9 10 11 12 13 |
---------------+----------------------------------------+-----
Armour         | 4 5 6 7 9 11 12 | 12.4
Long Blades    | 3 4 5 7 9 11 13 14 15 16 | 16.0
Shields        | 4 5 6 8 9 11 14 | 14.0
Dodging        | 2 3 4 6 7 9 |  9.7
Fighting       | 4 5 6 7 8 10 11 12 | 12.3
Stealth        | 1 2 |  2.6
Invocations    | 1 |  1.4
Axes           | |  0.2
Evocations     | |  0.4

Action                     |  1- 3 |  4- 6 |  7- 9 | 10-12 | 13-15 || total
---------------------------+-------+-------+-------+-------+-------++-------
  Melee: Long sword        |    94 |   114 |   261 |   374 |       ||   843
         Headbutt          |    14 |    16 |    54 |   225 |   105 ||   414
         Scimitar          |       |       |       |   518 |   248 ||   766
         Hand axe          |       |       |       |    16 |       ||    16
         Double sword      |       |       |       |       |   151 ||   151
 Invoke: Heroism           |       |       |       |     9 |       ||     9
  Evoke: Wand              |       |       |     1 |     2 |       ||     3
    Use: Potion            |     2 |       |     1 |     1 |     2 ||     6
         Scroll            |     5 |     4 |     2 |     1 |     6 ||    18
 Armour: Scale mail        |    25 |       |       |       |       ||    25
         Pearl dragon scal |    33 |    52 |   153 |   375 |   205 ||   818
  Dodge: Dodged            |    55 |    90 |   183 |   496 |   180 ||  1004
  Block: Buckler           |    20 |    41 |    68 |   113 |       ||   242
         Tower shield      |       |       |       |   394 |   477 ||   871
